 Dungeon Crawl Stone Soup version 0.29-a0-334-gb41bcbb86e (webtiles) character file.

Game seed: 5935473352175423108

5542 spaghetti the Protected (level 10, 0/84 HPs)
             Began as a Naga Berserker on Apr 14, 2022.
             Was a Believer of Trog.
             Slain by a gargoyle
             ... wielding a +0 mace
              (12 damage)
             ... on level 10 of the Dungeon.
             The game lasted 00:15:29 (10036 turns).

spaghetti the Protected (Naga Berserker)           Turns: 10036, Time: 00:15:29

Health: 0/84       AC: 24    Str: 21    XL:     10   Next: 71%
Magic:  10/10      EV: 12    Int:  7    God:    Trog [**....]
Gold:   446        SH:  0    Dex: 16    Spells: 9/9 levels left

rFire   . . .      SeeInvis +   k - +2 quick blade of the Girdle {vamp, rElec rPois Str+3 SInv, shortrare=g}
rCold   + . .      Faith    .   (no shield)
rNeg    + . .      Spirit   .   K - +2 chain mail {rC+}
rPois   +          Reflect  .   (no helmet)
rElec   +          Harm     .   y - +2 ratskin cloak {*Rats rPois rN+ Str-1 Int-1 Dex+1}
rCorr   .          Rampage  .   n - +0 pair of gloves
Will    +++..                   (no barding)
Stlth   ..........              (no amulet)
HPRegen 1.24/turn               F - +4 ring of protection
MPRegen 0.12/turn               q - +4 ring of evasion

@: short of breath, strong-willed, on berserk cooldown, regenerating, slowed,
very slow
A: AC +3, large, see invisible, deformed body, poison resistance, slowness 2,
spit poison 1, naga tail 1
a: Spit Poison, Renounce Religion, Berserk, Trog's Hand


You were on level 10 of the Dungeon.
You worshipped Trog.
Trog was pleased with you.
You visited 1 branch of the dungeon, and saw 10 of its levels.

You collected 656 gold pieces.
You spent 210 gold pieces at shops.


Innate Abilities, Weirdness & Mutations

Your serpentine skin is tough. (AC +3)
You have supernaturally acute eyesight. (SInv)
Armour fits poorly on your strangely shaped body.
Your system is resistant to poisons. (rPois)
You cover ground very slowly.
You can spit poison.
You have a snake-like lower body.


   Skills:
 - Level 3.0 Fighting
 - Level 3.0 Maces & Flails
 + Level 14.8 Armour
 + Level 4.9 Dodging


You had 9 spell levels left.
You didn't know any spells.
Your spell library contained the following spells:

 Spells                   Type           Power      Damage    Failure   Level
 Beastly Appendage        Tmut           0%         N/A       93%         1
 Magic Dart               Conj           0%         1d3       93%         1
 Blink                    Tloc           0%         N/A       98%         2
 Call Imp                 Summ           0%         N/A       98%         2
 Ensorcelled Hibernation  Hex/Ice        0%         N/A       98%         2
 Passwall                 Tmut/Erth      0%         N/A       98%         2
 Sublimation of Blood     Necr           0%         N/A       98%         2
 Wereblood                Tmut           0%         N/A       98%         2
 Mephitic Cloud           Conj/Pois/Air  0%         N/A       100%        3
 Spider Form              Tmut/Pois      0%         N/A       100%        3
 Summon Guardian Golem    Hex/Summ       0%         N/A       100%        3
 Swiftness                Air            0%         N/A       100%        3
 Petrify                  Tmut/Erth      0%         N/A       100%        4
 Fireball                 Conj/Fire      0%         3d3       100%        5
 Irradiate                Conj/Tmut      0%         3d13      100%        5
 Manifold Assault         Tloc           0%         N/A       100%        5
 Starburst                Conj/Fire      0%         6d3       100%        6
 Orb of Destruction       Conj           0%         9d5       100%        7
 Spellforged Servitor     Conj/Summ      0%         N/A       100%        7
 Storm Form               Tmut/Air       0%         N/A       100%        7
 Ignition                 Fire           0%         3d3       100%        8

Inventory:

Hand Weapons
 k - the +2 quick blade of the Girdle (weapon) {vamp, rElec rPois Str+3 SInv, shortrare=g}
   (You acquired it on level 3 of the Dungeon)

   It occasionally heals its wielder for a portion of the damage dealt when it
   wounds a living foe.
   Str:       It affects your strength (+3).
   rElec:     It insulates you from electricity.
   rPois:     It protects you from poison.
   SInv:      It lets you see invisible.
 x - the +3 long sword of Agony {holy, *Noise Drain rC++ SInv, long}
   (You found it on level 5 of the Dungeon)

   It has been blessed by the Shining One to cause great damage to the undead
   and demons.
   rC:        It greatly protects you from cold.
   SInv:      It lets you see invisible.
   *Noise:    It may make noises in combat.
   Drain:     It drains your maximum health when unequipped.
Missiles
 e - 7 poisoned darts {throwing}
 h - 148 stones (quivered) {throwing}
 t - 12 boomerangs {throwing}
Armour
 n - a +0 pair of gloves (worn)
   (You found it on level 1 of the Dungeon)
 y - the +2 ratskin cloak (worn) {*Rats rPois rN+ Str-1 Int-1 Dex+1}
   (You found it on level 3 of the Dungeon)

   When the wearer is hurt, rats may emerge from it to assist them.
   Str:       It affects your strength (-1).
   Int:       It affects your intelligence (-1).
   Dex:       It affects your dexterity (+1).
   rPois:     It protects you from poison.
   rN:        It protects you from negative energy.
 K - a +2 chain mail of cold resistance (worn)
   (You bought it in a shop on level 8 of the Dungeon)
Magical Staves
 G - a staff of death {forbidden!astaff}
   (You found it on level 9 of the Dungeon)
Jewellery
 l - a ring of willpower
   (You found it on level 1 of the Dungeon)
 q - a +4 ring of evasion (right hand)
   (You found it on level 2 of the Dungeon)
 r - a +6 ring of strength
   (You found it on level 4 of the Dungeon)
 C - a ring of magical power
   (You found it on level 6 of the Dungeon)
 F - a +4 ring of protection (left hand)
   (You took it off an orc on level 6 of the Dungeon)
 H - a ring of magical power
   (You found it on level 6 of the Dungeon)
 I - a ring of willpower
   (You found it on level 7 of the Dungeon)
 J - a ring of willpower
   (You found it on level 8 of the Dungeon)
 N - a ring of poison resistance
   (You found it on level 9 of the Dungeon)
Wands
 O - a wand of digging (8)
   (You found it on level 9 of the Dungeon)
Scrolls
 a - a scroll of amnesia {unknown}
 c - 3 scrolls of vulnerability {!r!r}
 d - 3 scrolls of enchant armour
 g - a scroll of fog
 o - a scroll of immolation {unknown}
 p - 3 scrolls of fear
 u - 2 scrolls of enchant weapon
 v - 3 scrolls of teleportation {@r4}
 w - a scroll of magic mapping {!r}
 B - 3 scrolls of holy word
 E - a scroll of brand weapon
Potions
 b - a potion of cancellation
 f - 3 potions of degeneration {!q@e2}
 i - 3 potions of might {unknown}
 j - 4 potions of heal wounds {unknown}
 m - 3 potions of magic {unknown}
 s - 2 potions of haste {unknown}
 z - 4 potions of attraction {unknown}
 A - 3 potions of brilliance {unknown}
 D - 2 potions of curing {@q1}
 L - a potion of resistance {unknown}
 M - 3 potions of flight {unknown}

Dungeon Overview and Level Annotations

Branches:
Dungeon (10/15)            Temple (0/1) D:6
   Lair: D:8-11         Orc: D:9-12

Altars:
Hepliaklqana
Okawaru
Trog
Uskayaw
The Shining One

Shops:
D:8 [

Portals:
Bailey: D:10

#..........#
#####.##########
..##.# #.##.#
#..####.##.#
.(.(..()...#
..####.#### #.#
#@# #9# #g# #g#
#....(.#
.........
.≈≈≈≈≈.###
.≈.g.≈. .≈.g>≈.


You could see a gargoyle and 2 goblins.


Message History

The gargoyle hurls a stone arrow at you.
The stone arrow misses you. 😨 HP[+2]
You regained 2 hp, and now have 27/84 hp.
You hit the gargoyle but do no damage. You punch the gargoyle.
The gargoyle hits you with a +0 mace.
* * * LOW HITPOINT WARNING * * *
A river rat scurries out from under your cloak. 😨 HP[-2]
You take 2 damage, and now have 25/84 hp.
Unknown command.
You swap places.
The gargoyle hurls a stone arrow at you.
The stone arrow hits your river rat!
Your river rat dies!
The gargoyle closely misses you. 😨 HP[+3]
You regained 3 hp, and now have 28/84 hp.
Unknown command.
You hit the gargoyle but do no damage.
You feel the effects of Trog's Hand fading.
The gargoyle closely misses you. 😨 HP[+1]
You hit the gargoyle but do no damage.
The gargoyle barely misses you. 😨 HP[+1]
You hit the gargoyle but do no damage.
The gargoyle hurls a stone arrow at you.
The stone arrow misses you. 😨 HP[+1] Unknown command.
Your skin crawls.
You feel strong-willed.
The gargoyle closely misses you. 😨 HP[+2]
You regained 2 hp, and now have 33/84 hp.
Unknown command.
You hit the gargoyle but do no damage.
The gargoyle hurls a stone arrow at you.
The stone arrow misses you. 😨 HP[+2]
You regained 2 hp, and now have 35/84 hp.
You hit the gargoyle but do no damage.
The gargoyle hits you but does no damage. 😨 HP[+1]
You hit the gargoyle.
The gargoyle hits you but does no damage. 😨 HP[+1]
You hit the gargoyle but do no damage.
The gargoyle hits you but does no damage. 😨 HP[+2]
You regained 2 hp, and now have 39/84 hp.
You hit the gargoyle but do no damage.
The gargoyle barely misses you. x2 😨 HP[+1]
The goblin shouts!
You hit the gargoyle but do no damage.
You hear a shout!
The gargoyle closely misses you. 😨 HP[+1] Unknown command.
You hit the gargoyle but do no damage. The gargoyle hits you with a +0 mace!
* * * LOW HITPOINT WARNING * * *
😨 HP[-9]
You take 9 damage, and now have 32/84 hp.
You hit the gargoyle but do no damage.
The gargoyle hits you but does no damage. 😨 HP[+1] Unknown command.
You hit the gargoyle but do no damage.
The gargoyle barely misses you. 😨 HP[+1] Unknown command.
You hit the gargoyle but do no damage.
The goblin seems to regain its courage.
The gargoyle hurls a stone arrow at you.
The stone arrow misses you. 😨 HP[+1]
You barely miss the gargoyle.
The gargoyle hits you but does no damage. 😨 HP[+2]
You regained 2 hp, and now have 37/84 hp.
You hit the gargoyle but do no damage.
The gargoyle hits you but does no damage. 😨 HP[+1]
You hit the gargoyle but do no damage. The gargoyle hits you with a +0 mace!
* * * LOW HITPOINT WARNING * * *
😨 HP[-6]
You take 6 damage, and now have 32/84 hp.
Aiming: Spit Poison (1% risk of failure)
Press: ? - help, Shift-Dir - straight line, f - gargoyle
Aim: a gargoyle, wielding a +0 mace (severely damaged, 83% to hit)
The splash of poison hits the gargoyle but does no damage.
The gargoyle hits you with a +0 mace!
* * * LOW HITPOINT WARNING * * *
😨 HP[-8]
You take 8 damage, and now have 24/84 hp.
You hit the gargoyle but do no damage. The gargoyle hits you with a +0 mace!
* * * LOW HITPOINT WARNING * * *
😱 HP[-13]
You take 13 damage, and now have 11/84 hp.
You hit the gargoyle but do no damage. The gargoyle closely misses you.
The gargoyle hits you with a +0 mace!
You die...

Skill      XL: |  1  2  3  4  5  6  7  8  9 10 |
---------------+-------------------------------+-----
Armour         | 2 3 4 5 6 9 12 14 | 14.8
Dodging        | 2 4 |  4.9
Fighting       | |  3.0
Maces & Flails | |  3.0

Action                   |  1- 3 |  4- 6 |  7- 9 | 10-12 || total
-------------------------+-------+-------+-------+-------++-------
Melee: Mace              |    25 |       |       |       ||    25
       Quarterstaff      |    21 |    12 |       |       ||    33
       Quick blade       |       |   117 |   754 |   286 ||  1157
       Punch             |       |       |    14 |    10 ||    24
Throw: Stone             |    39 |    25 |    77 |    21 ||   162
Invok: Berserk           |       |     2 |     6 |     4 ||    12
       Trog's Hand       |       |       |       |     2 ||     2
 Abil: Spit Poison       |     3 |     1 |     1 |     2 ||     7
  Use: Scroll            |     2 |     5 |     6 |     2 ||    15
       Potion            |       |       |       |     1 ||     1
 Stab: Distracted        |       |       |     1 |       ||     1
Armor: Animal skin       |     8 |    24 |   260 |       ||   292
       Chain mail        |       |       |    37 |   106 ||   143
Dodge: Dodged            |    23 |    83 |   513 |   127 ||   746

Levels and vault maps discovered:
D:1:      scummos_arrival_simple_crosswalls, layout_loops_cross
D:2:      layout_rooms, dk_noncrumbling_3
D:3:      layout_basic, mainiacjoe_overflow_six_doors_small,
          dreamdust_ecumenical_altar_drowned_temple, uniq_sigmund
D:4:      layout_layer_cave, amcnicky_altar_gilded, serial_park_tiny_pond
D:5:      layout_rooms, grunt_temple_overflow_bloody_war
D:6:      layout_rooms, minmay_temple_entry_glassed_door
D:7:      layout_cave_pools, kennysheep_mini
D:8:      layout_loops_ring, lemuel_coloured_pillars_altar, serial_shops,
          shop_statue, nicolae_lava_and_water, kennysheep_generic_room_11
D:9:      layout_stronghold, minmay_starry_boxes
D:10:     layout_loops_ring, enter_bailey_5, uniq_psyche, uniq_grum

Notes
Turn   | Place    | Note
-------+----------+-------------------------------------------
     0 | D:1      | spaghetti the Naga Berserker began the quest for the Orb.
     0 | D:1      | Reached XP level 1. HP: 21/21 MP: 1/1
     0 | D:1      | magus.rc [v1.9.6]
   445 | D:1      | Reached skill level 2 in Armour
   517 | D:1      | Reached XP level 2. HP: 19/28 MP: 2/2
  1099 | D:2      | Identified the +4 quarterstaff "Woliy" {vorpal, Fly rPois
                  | Str+2}
  1365 | D:2      | Reached XP level 3. HP: 33/34 MP: 3/3
  1587 | D:3      | Reached skill level 3 in Armour
  1668 | D:3      | Noticed a bullfrog
  1673 | D:3      | Killed a bullfrog
  1674 | D:3      | Reached XP level 4. HP: 42/42 MP: 4/4
  1749 | D:3      | Found a glowing golden altar of the Shining One.
  1780 | D:3      | Found a faded altar of an unknown god.
  1794 | D:3      | Reached skill level 4 in Armour
  1839 | D:3      | Found the +2 ratskin cloak {*Rats rPois rN+ Str-1 Int-1
                  | Dex+1}
  1845 | D:3      | Reached XP level 5. HP: 49/49 MP: 5/5
  1899 | D:3      | Noticed Sigmund
  1904 | D:3      | Killed Sigmund
  1905 | D:3      | Reached skill level 5 in Armour
  1905 | D:3      | Reached XP level 6. HP: 56/56 MP: 6/6
  2063 | D:3      | Identified 2 scrolls of acquirement
  2067 | D:3      | Acquired a manual of Armour
  2069 | D:3      | Acquired the +2 quick blade of the Girdle {vamp, rElec
                  | rPois Str+3 SInv}
  2070 | D:3      | k - the +2 quick blade of the Girdle {vamp, rElec rPois
                  | Str+3 SInv, shortrare=g}
  2253 | D:3      | k - the +2 quick blade of the Girdle (weapon) {vamp, rElec
                  | rPois Str+3 SInv, shortrare=g}
  2321 | D:4      | You pick up a book of Alchemy {forbidden} and begin
                  | reading...
  2321 | D:4      | You add the spells Sublimation of Blood, Petrify and
                  | Irradiate to your library.
  2463 | D:4      | Found a hazy altar of Hepliaklqana.
  2589 | D:4      | Reached skill level 6 in Armour
  2723 | D:4      | You add the spells Blink, Manifold Assault and Storm Form
                  | to your library.
  2777 | D:4      | Reached ** piety under Trog
  2805 | D:4      | You pick up a book of Changes {forbidden} and begin
                  | reading...
  2805 | D:4      | You add the spells Beastly Appendage, Wereblood and Spider
                  | Form to your library.
  3242 | D:4      | Reached XP level 7. HP: 52/62 MP: 7/7
  3343 | D:5      | Entered Level 5 of the Dungeon
  3369 | D:5      | Reached skill level 7 in Armour
  3372 | D:5      | Identified the +3 long sword of Agony {holy, *Noise Drain
                  | rC++ SInv}
  3448 | D:5      | You pick up a book of Minor Magic {forbidden} and begin
                  | reading...
  3448 | D:5      | You add the spells Magic Dart, Call Imp and Mephitic Cloud
                  | to your library.
  3625 | D:5      | Reached skill level 8 in Armour
  3977 | D:5      | Found an iron altar of Okawaru.
  3978 | D:5      | Found a bloodstained altar of Trog.
  4440 | D:5      | Reached skill level 9 in Armour
  4476 | D:5      | Reached XP level 8. HP: 69/69 MP: 8/8
  4632 | D:6      | Reached skill level 10 in Armour
  5126 | D:6      | Found a staircase to the Ecumenical Temple.
  5217 | D:7      | Noticed a wyvern
  5235 | D:7      | Killed a wyvern
  5236 | D:7      | Reached skill level 11 in Armour
  5416 | D:7      | Reached skill level 12 in Armour
  5604 | D:7      | Found a hide-covered altar of Uskayaw.
  5638 | D:7      | Reached XP level 9. HP: 72/75 MP: 9/9
  6096 | D:7      | You pick up a book of Burglary {forbidden} and begin
                  | reading...
  6096 | D:7      | You add the spells Passwall, Ensorcelled Hibernation and
                  | Swiftness to your library.
  6148 | D:7      | Reached skill level 13 in Armour
  6677 | D:8      | Noticed a gargoyle
  6710 | D:8      | Killed a gargoyle
  7324 | D:8      | Reached skill level 14 in Armour
  7429 | D:8      | Found Reuwn's Antique Armour Shoppe.
  7435 | D:8      | You pick up a book of Fire {forbidden} and begin reading...
  7435 | D:8      | You add the spells Fireball, Starburst and Ignition to your
                  | library.
  7439 | D:8      | Bought a runed chain mail for 210 gold pieces
  7452 | D:8      | You pick up a book of Dangerous Friends {forbidden} and
                  | begin reading...
  7452 | D:8      | You add the spells Summon Guardian Golem, Orb of
                  | Destruction and Spellforged Servitor to your library.
  7651 | D:9      | Reached *** piety under Trog
  7666 | D:8      | Reached skill level 2 in Dodging
  7666 | D:8      | Reached XP level 10. HP: 84/84 MP: 10/10
  8141 | D:9      | Noticed a two-headed ogre
  8162 | D:9      | Reached skill level 3 in Dodging
  8172 | D:9      | Killed a two-headed ogre
  8197 | D:9      | HP: 18/84 [wyvern (8)]
  8590 | D:9      | Identified the +2 scale mail of Paranoia {rF- Str+5 Int+3}
  8639 | D:9      | Reached skill level 4 in Dodging
  9432 | D:9      | HP: 19/84 [orc warrior/+0 dire flail (9)]
  9817 | D:10     | Entered Level 10 of the Dungeon
  9870 | D:10     | Noticed a two-headed ogre
  9890 | D:10     | Killed a two-headed ogre
  9974 | D:10     | Found a flagged portal.
  9974 | D:10     | Noticed a gargoyle
 10010 | D:10     | HP: 17/84 [gargoyle/stone arrow (10)]
 10035 | D:10     | HP: 11/84 [gargoyle/+0 mace (15)]
 10036 | D:10     | Slain by a gargoyle

Vanquished Creatures
  A two-headed ogre (D:9)
  A gargoyle (D:8)
  Sigmund (D:3)
  A wraith (D:9)
  2 wyverns
  A steam dragon (D:9)
  4 water moccasins
  An ice beast (D:5)
  An orc warrior (D:9)
  2 black bears
  A sky beast (D:8)
  3 centaurs
  5 bullfrogs
  A gnoll sergeant (D:9)
  A necrophage (D:7)
  3 scorpions
  4 wights
  4 killer bees (D:8)
  A howler monkey (D:6)
  A lava snake (D:8)
  2 hounds
  A gnoll shaman (D:7)
  3 orc priests
  An iguana (D:4)
  2 orc wizards
  9 gnolls
  6 adders
  A white imp (D:6)
  A worm (D:4)
  2 dart slugs
  27 orcs
  4 ball pythons
  4 endoplasms
  3 giant cockroaches
  7 goblins
  3 hobgoblins
  6 jackals (D:4)
  2 kobolds (D:2)
  A quokka (D:1)
  5 bats
  2 frilled lizards
  4 rats
  A spectral goblin (D:3)
136 creatures vanquished.

Vanquished Creatures (collateral kills)
  A two-headed ogre (D:10)
  A wyvern (D:7)
  A water moccasin (D:7)
  An ice beast (D:5)
  An orc warrior (D:9)
  A bullfrog (D:7)
  A hound (D:6)
  A gnoll shaman (D:7)
  2 iguanas (D:5)
  5 gnolls
  6 orcs
21 creatures vanquished.

Grand Total: 157 creatures vanquished

Table legend:
 A = Non-vault XP
 B = Vault XP
 C = Vault XP percentage of total XP
 D = Non-vault monster count
 E = Vault monster count
 F = Vault count percentage of total count
                 A         B        C        D         E       F
            +---------+---------+-------+---------+---------+-------
      Total |    5981 |    1937 |  24.5 |     145 |      12 |   7.6
            +---------+---------+-------+---------+---------+-------
        D:1 |      14 |       0 |   0.0 |       9 |       0 |   0.0
        D:2 |      34 |       0 |   0.0 |      14 |       0 |   0.0
        D:3 |     128 |     227 |  63.9 |       9 |       2 |  18.2
        D:4 |     217 |       0 |   0.0 |      22 |       0 |   0.0
        D:5 |     779 |       3 |   0.4 |      19 |       1 |   5.0
        D:6 |     403 |       0 |   0.0 |      14 |       0 |   0.0
        D:7 |    1452 |       0 |   0.0 |      29 |       0 |   0.0
        D:8 |    1351 |     111 |   7.6 |      16 |       2 |  11.1
        D:9 |     671 |    1594 |  70.4 |      11 |       6 |  35.3
       D:10 |     932 |       2 |   0.2 |       2 |       1 |  33.3
            +---------+---------+-------+---------+---------+-------

Illustrated notes

Table legend:
 A = Kills in this place as a percentage of kills in entire the game.
 B = Kills by you in this place as a percentage of kills by you in the entire game.
 C = Kills by friends in this place as a percentage of kills by friends in the entire game.
 D = Other kills in this place as a percentage of other kills in the entire game.
 E = Experience gained in this place as a percentage of experience gained in the entire game.
 F = Experience gained in this place divided by the number of levels of this place that you have seen.
                   A       B       C       D       E      F
               +-------+-------+-------+-------+-------+----------------------
         Total | 100.0 | 100.0 | 100.0 |   N/A | 100.0 | 791.8
       Dungeon | 100.0 | 100.0 | 100.0 |   N/A | 100.0 | 791.8
               +-------+-------+-------+-------+-------+----------------------

Table legend: (Time is in decaauts)
 A = Elapsed time spent in this place.
 B = Non-inter-level travel time spent in this place.
 C = Inter-level travel time spent in this place.
 D = Time resting spent in this place.
 E = Time spent auto-exploring this place.
 F = Levels seen in this place.
 G = Mean time per level.
                   A        B        C        D        E       F      G
               +--------+--------+--------+--------+--------+-----+--------+
         Total |  11828 |  11462 |    366 |   1823 |   7951 |  10 | 1182.8 |
       Dungeon |  11828 |  11462 |    366 |   1823 |   7951 |  10 | 1182.8 |
               +--------+--------+--------+--------+--------+-----+--------+

Top non-repeatable levels by time:
     D:9: 2315 daAuts
     D:7: 1623 daAuts
     D:5: 1420 daAuts
     D:8: 1338 daAuts
     D:4: 1289 daAuts
     D:1: 1243 daAuts
     D:3: 1062 daAuts
     D:2: 688 daAuts
     D:6: 614 daAuts
    D:10: 232 daAuts
